 Dungeon Crawl Stone Soup version 0.26-a0-682-g294304f6e8 (webtiles) character file.

Game seed: 2914533842100938909

322 Kinoniko the Skirmisher (level 6, -7/67 HPs)
             Began as an Ogre Berserker on Oct 21, 2020.
             Was a Priest of Trog.
             Mangled by an ogre
             ... wielding a +0 giant spiked club
              (21 damage)
             ... on level 4 of the Dungeon.
             The game lasted 00:03:53 (3401 turns).

Kinoniko the Skirmisher (Ogre Berserker)            Turns: 3401, Time: 00:03:53

Health: -7/67      AC:  4    Str: 22    XL:     6   Next: 47%
Magic:  6/6        EV: 10    Int:  8    God:    Trog [***...]
Gold:   129        SH:  0    Dex: 10    Spells: 5/5 levels left

rFire    . . .     SeeInvis .   j - +0 flail
rCold    . . .     Faith    .   (no shield)
rNeg     . . .     Spirit   .   b - +1 animal skin
rPois    .         Reflect  .   (helmet restricted)
rElec    .         Harm     .   (no cloak)
rCorr    .         Rampage  .   (gloves unavailable)
MR       .....                  (boots unavailable)
Stlth    ++........             (no amulet)
HPRegen  0.21/turn              p - ring of stealth
MPRegen  0.10/turn              (no ring)

@: berserk cooldown, slowed, very slow
A: large, unfitting armour, tough skin 1
a: Berserk, Trog's Hand, Renounce Religion


You were on level 4 of the Dungeon.
You worshipped Trog.
Trog was most pleased with you.
You visited 1 branch of the dungeon, and saw 4 of its levels.

You collected 129 gold pieces.

Inventory:

Hand Weapons
 a - a +0 mace
 j - a +0 flail (weapon)
Armour
 b - a +1 animal skin (worn)
Jewellery
 c - a +6 ring of strength {unknown}
 d - a cursed amulet of inaccuracy
 p - a ring of stealth (left hand)
Scrolls
 e - a scroll of teleportation
Potions
 l - 3 potions of curing {unknown}
 n - a potion of flight {unknown}
 o - a potion of heal wounds {unknown}


   Skills:
 + Level 6.2 Fighting
 * Level 5.5 Maces & Flails
 - Level 2.6 Dodging


You had 5 spell levels left.
You didn't know any spells.
Your spell library was empty.

Dungeon Overview and Level Annotations

Branches:
Dungeon (4/15)
 Temple: D:4-7

Altars:
Nemelex Xobeh
Okawaru


Innate Abilities, Weirdness & Mutations

You are too large for most types of armour.
You have tough skin. (AC +1)


Message History

The ogre is lightly wounded.
The ogre closely misses you.
You closely miss the ogre.
The ogre is lightly wounded.
The ogre misses you.
You thump the ogre!
The ogre is heavily wounded.
The ogre barely misses you.
You barely miss the ogre.
The ogre is heavily wounded.
The ogre closely misses you.
The ogre hits you with a +0 giant spiked club!!
* * * LOW HITPOINT WARNING * * *
You sock the ogre!
The ogre is almost dead.
The ogre hits you but does no damage.
You hit the ogre but do no damage.
The ogre is almost dead.
The ogre hits you with a +0 giant spiked club!!
You die...

##..... #.....
#.⌠.⌠### #.._... ..
#⌠.⌠# #.# #)# #.# #.#
#.# #O# #.#
######@########.######
#.....................
#.####...........#
##########..# #..#
#..# #..# #..# ##.#


You could see an ogre.

Vanquished Creatures
  3 orc priests
  An iguana (D:4)
  An orc wizard (D:3)
  A worker ant (D:4)
  3 adders
  3 gnolls (D:3)
  2 worms
  3 dart slugs
  3 leopard geckos
  10 orcs
  8 bats
  5 giant cockroaches
  8 hobgoblins
  5 jackals
  2 quokkas (D:2)
  4 ball pythons
  4 frilled lizards
  6 goblins
  4 kobolds
  10 rats
86 creatures vanquished.

Notes
Turn   | Place    | Note
-------+----------+-------------------------------------------
     0 | D:1      | Kinoniko the Ogre Berserker began the quest for the Orb.
     0 | D:1      | Reached XP level 1. HP: 24/24 MP: 1/1
    96 | D:1      | Reached XP level 2. HP: 30/32 MP: 2/2
   560 | D:1      | Reached XP level 3. HP: 39/40 MP: 3/3
   584 | D:1      | Reached ** piety under Trog
  1126 | D:2      | Reached XP level 4. HP: 47/49 MP: 4/4
  1259 | D:2      | Reached skill level 5 in Fighting
  1317 | D:2      | Reached XP level 5. HP: 57/57 MP: 5/5
  2164 | D:3      | Found an iron altar of Okawaru.
  2332 | D:3      | Reached skill level 5 in Maces & Flails
  2448 | D:3      | Reached *** piety under Trog
  2572 | D:3      | Reached XP level 6. HP: 45/67 MP: 6/6
  3135 | D:4      | Reached skill level 6 in Fighting
  3372 | D:4      | Found a sparkling altar of Nemelex Xobeh.
  3401 | D:4      | Mangled by an ogre

Illustrated notes

Levels and vault maps discovered:
D:1:      wander_arrival_abandoned_jail, layout_rooms
D:2:      layout_rooms, grunt_decor_mini_mirrors, chequers_avenue
D:3:      layout_loops_corners, serial_forest, infiniplex_forest_zigzag_1,
          infiniplex_forest_zigzag_2, infiniplex_forest_clump_tiny,
          infiniplex_forest_zigzag_2, okawaru_trees_1
D:4:      layout_loops_ring, nemelex_xobeh_ov_fountains_minmay, uniq_eustachio

Skill      XL: |  1  2  3  4  5  6 |
---------------+-------------------+-----
Maces & Flails | 3 4 5 |  5.5
Fighting       | 5 6 |  6.2
Dodging        | |  2.6

Action                   |  1- 3 |  4- 6 || total
-------------------------+-------+-------++-------
Melee: Mace              |   112 |     3 ||   115
       Flail             |       |   146 ||   146
Invok: Berserk           |     2 |    10 ||    12
  Use: Scroll            |       |     8 ||     8
 Stab: Sleeping          |       |     1 ||     1
Armor: Animal skin       |    52 |    31 ||    83
Dodge: Dodged            |   100 |    80 ||   180

Table legend: (Time is in decaauts)
 A = Elapsed time spent in this place.
 B = Non-inter-level travel time spent in this place.
 C = Inter-level travel time spent in this place.
 D = Time resting spent in this place.
 E = Time spent auto-exploring this place.
 F = Levels seen in this place.
 G = Mean time per level.
                   A        B        C        D        E       F      G
               +--------+--------+--------+--------+--------+-----+--------+
         Total |   3559 |   3492 |     67 |   1442 |   1518 |   4 |  889.8 |
       Dungeon |   3559 |   3492 |     67 |   1442 |   1518 |   4 |  889.8 |
               +--------+--------+--------+--------+--------+-----+--------+

Top non-repeatable levels by time:
     D:3: 1527 daAuts
     D:1: 945 daAuts
     D:2: 795 daAuts
     D:4: 290 daAuts
